Map: World of Sleepers LE

Players

Trizztein

  • Race: Zerg Zerg
  • League: Diamond
  • Spawn Location: 1:00

A.I. 1 (Medium) - Winner!

  • Race: Protoss Protoss
  • Spawn Location: 7:00

VOD

Have the link to the VOD?

Description

Time

  • Played on: Dec. 27, 2019, 11:06 a.m.
  • Length: 10:16
Show
View Real Time Build Order
Export as new Build Order

Trizztein Zerg 

Build Orders: Hatch First 

Get SALT Encoding   

  6  0:00  Drone  
  13  0:13  Overlord  
  13  0:16  Drone  
  14  0:31  Drone x2  
  16  0:49  Hatchery  
  15  0:52  Drone  
  15  0:55  Drone  
  17  0:59  Drone  
  18  1:06  Extractor  
  17  1:15  Spawning Pool  
  17  1:18  Drone  
  17  1:22  Drone  
  18  1:28  Drone  
  19  1:39  Drone  
  20  1:50  Overlord  
  20  2:02  Drone, Queen x2  
  20  2:03  Zergling x2  
  26  2:14  Zergling x2  
  27  2:16  Drone  
  27  2:19  Metabolic Boost  
  28  2:26  Drone x2  
  30  2:33  Overlord  
  30  2:35  Drone  
  31  2:46  Queen  
  31  2:48  Drone x2  
  35  2:54  Drone  
  35  2:56  Drone  
  36  3:10  Drone x2  
  36  3:11  Evolution Chamber  
  37  3:16  Overlord  
  37  3:19  Drone x6  
  43  3:30  Hatchery  
  42  3:35  Lair  
  42  3:39  Zerg Melee Weapons Level 1  
  42  3:46  Queen  
  44  3:48  Overlord  
  44  3:57  Extractor  
  44  3:59  Extractor  
  42  4:11  Drone x9  
  51  4:26  Drone  
  52  4:43  Overlord  
  52  5:05  Drone x14  
  66  5:18  Overlord  
  66  5:19  Overlord  
  66  5:33  Extractor  
  66  5:34  Drone x2, Extractor  
  66  5:35  Extractor  
  66  5:36  Zerg Melee Weapons Level 2  
  66  5:40  Hydralisk Den  
  66  5:42  Drone  
  65  5:44  Drone x7, Evolution Chamber  
  65  5:45  Baneling Nest  
  65  5:49  Drone x3  
  73  5:50  Drone  
  73  5:52  Drone x5  
  73  5:55  Overlord  
  73  5:56  Pneumatized Carapace  
  79  5:57  Overlord  
  79  5:59  Drone  
  80  6:12  Grooved Spines  
  80  6:17  Infestation Pit  
  79  6:19  Hatchery  
  78  6:27  Overlord x2  
  78  6:29  Hatchery  
  77  6:39  Drone x13  
  90  6:49  Queen, Extractor  
  90  6:51  Queen  
  90  6:53  Centrifical Hooks  
  93  6:56  Zerg Missile Weapons Level 1  
  93  6:59  Hive  
  93  7:08  Overlord  
  93  7:09  Overlord  
  93  7:11  Zergling x6  
  93  7:12  Zergling x14  
  103  7:24  Muscular Augments  
  103  7:25  Zergling x10  
  108  7:48  Overlord  
  108  7:49  Overlord  
  108  8:12  Zergling x22  
  119  8:13  Zergling x2  
  119  8:14  Hydralisk x12  
  144  8:20  Overlord  
  144  8:21  Overlord  
  144  8:30  Hydralisk x7, Hatchery  
  157  8:37  Extractor  
  156  8:49  Spire  
  156  8:50  Lurker Den  
  156  8:53  Overlord  
  156  8:55  Overlord  
  154  8:57  Zergling x38  
  173  9:12  Hydralisk x8  
  189  9:18  Overlord x2  
  189  9:21  Baneling  
  189  9:22  Baneling x23  
  189  9:23  Baneling x13  
  189  9:32  Zergling x2  
  190  9:50  Overlord  
  190  9:51  Overlord  
Show
View Real Time Build Order
Export as new Build Order

A.I. 1 (Medium) Protoss - Winner!

Build Orders: 1 Gate Expand 

Get SALT Encoding   

  6  0:00  Probe  
  13  0:13  Probe  
  14  0:20  Pylon  
  14  0:25  Probe  
  15  0:34  Probe  
  15  0:42  Probe  
  17  0:50  Gateway  
  17  1:09  Probe  
  17  1:11  Nexus  
  18  1:27  Pylon  
  18  1:29  Assimilator  
  18  1:40  Zealot  
  18  1:42  Cybernetics Core, Probe  
  21  1:54  Probe  
  22  2:04  Probe  
  22  2:05  Gateway  
  23  2:12  Assimilator  
  23  2:17  Probe  
  23  2:20  Stalker  
  23  2:21  Pylon  
  26  2:25  Probe  
  27  2:33  Warp Gate  
  28  2:37  Probe  
  28  2:51  Sentry  
  30  3:01  Assimilator  
  30  3:04  Assimilator  
  30  3:12  Stalker  
  32  3:16  Probe  
  32  3:19  Probe  
  34  3:24  Probe  
  34  3:30  Stalker  
  34  3:31  Probe  
  34  3:32  Probe  
  39  3:43  Probe  
  39  3:44  Probe  
  42  3:48  Sentry  
  42  3:55  Probe  
  43  4:00  Pylon  
  43  4:02  Probe  
  44  4:06  Adept  
  44  4:07  Probe  
  47  4:14  Probe  
  48  4:19  Probe  
  48  4:24  Zealot  
  51  4:26  Probe  
  51  4:28  Pylon  
  52  4:31  Probe  
  52  4:38  Probe  
  54  4:42  Zealot  
  54  4:43  Probe  
  57  4:50  Probe  
  58  4:55  Probe, Pylon  
  58  4:59  Stalker  
  61  5:02  Probe  
  62  5:07  Probe  
  63  5:14  Probe  
  63  5:15  Pylon  
  63  5:18  Stalker  
  63  5:19  Probe  
  67  5:22  Robotics Facility  
  67  5:29  Probe  
  68  5:35  Stalker  
  68  5:36  Probe, Pylon  
  68  5:37  Probe  
  72  5:42  Forge  
  72  5:47  Probe  
  72  5:48  Probe  
  74  5:53  Stalker  
  76  5:57  Pylon  
  76  6:00  Probe x2  
  78  6:07  Pylon  
  78  6:09  Observer  
  78  6:10  Pylon  
  78  6:11  Sentry, Probe  
  79  6:16  Stargate  
  79  6:18  Photon Cannon  
  82  6:20  Twilight Council  
  82  6:22  Photon Cannon  
  82  6:25  Gateway  
  82  6:29  Sentry, Forge  
  82  6:31  Observer  
  85  6:42  Photon Cannon  
  85  6:44  Photon Cannon  
  84  6:47  Adept  
  86  9:20  Nexus  
  86  9:37  Warp Prism  
  88  9:39  Gateway  
  88  9:43  Templar Archives  
  88  9:45  Robotics Facility  
  88  9:47  Stargate  
  88  9:51  Robotics Bay  
  88  9:52  Dark Shrine  
  88  9:57  Fleet Beacon  
  88  9:58  Zealot  
  58  10:10  Stalker  
Tags
 
Add a new tag
Caveats
  • Supply blocks, unpowered buildings, or Contaminate may cause inaccurate times.
  • Supply counts are checked every 10 seconds.